 Dungeon Crawl Stone Soup version 0.27.1-2-g3b301248ec (webtiles) character file.

Game seed: 383318722507783768

42 nxtlvl the Chopper (level 3, -4/29 HPs)
             Began as a Formicid Monk on Sept 24, 2021.
             Slain by Terence (5 damage)
             ... on level 2 of the Dungeon.
             The game lasted 00:05:23 (696 turns).

nxtlvl the Chopper (Formicid Monk)                   Turns: 696, Time: 00:05:23

Health: -4/29      AC:  2    Str: 15    XL:     3   Next: 80%
Magic:  3/3        EV: 12    Int:  9    God:
Gold:   106        SH:  0    Dex: 14    Spells: 2/2 levels left

rFire    . . .     SeeInvis +   a - +0 hand axe
rCold    . . .     Faith    .   (no shield)
rNeg     . . .     Spirit   .   i - +0 robe
rPois    .         Reflect  .   (helmet unavailable)
rElec    .         Harm     .   (no cloak)
rCorr    .         Rampage  .   (no gloves)
Will     .....                  (no boots)
Stlth    ++........             (no amulet)
HPRegen  0.09/turn              (no ring)
MPRegen  0.08/turn              (no ring)

@: brilliant
A: permanent stasis, dig shafts and tunnels, antennae 3, four strong arms
a: Dig, Shaft Self


You were on level 2 of the Dungeon.
You visited 1 branch of the dungeon, and saw 2 of its levels.

You collected 106 gold pieces.

Inventory:

Hand Weapons
 a - a +0 hand axe (weapon)
 b - a +0 hunting sling
Missiles
 d - 13 sling bullets
Armour
 i - a +0 robe (worn)
Magical Staves
 k - a staff of poison
Wands
 j - a wand of flame (19)
Scrolls
 e - a scroll of identify {unknown}
 h - a scroll of teleportation {unknown}
Potions
 c - a potion of curing {unknown}
 f - a potion of brilliance
 g - a potion of mutation {unknown}


   Skills:
 - Level 3.2 Fighting
 * Level 4.5 Axes
 - Level 2.6 Dodging
 - Level 2.4 Stealth


You had 2 spell levels left.
You didn't know any spells.
Your spell library contained the following spells:

 Spells                   Type           Power      Damage    Failure   Level
 Ensorcelled Hibernation  Hex/Ice        0%         N/A       52%         2
 Ignite Poison            Fire/Tmut/Pois 0%         N/A       77%         3
 Mephitic Cloud           Conj/Pois/Air  0%         N/A       77%         3
 Spider Form              Tmut/Pois      0%         N/A       77%         3
 Bolt of Magma            Conj/Fire/Erth 0%         4d4       100%        5
 Shadow Creatures         Summ           N/A        N/A       100%        6


Dungeon Overview and Level Annotations

Branches:
Dungeon (2/15)

Altars:

Annotations:
D:2 Terence


Innate Abilities, Weirdness & Mutations

You cannot be hasted, slowed, berserked, paralysed or teleported.
You can dig through walls and to a lower floor.
You have a pair of large antennae on your head. (SInv)
Your four strong arms can wield two-handed weapons with a shield.


Message History

You sense a monster nearby.
A frilled lizard comes into view.
You shoot a sling bullet.
The sling bullet hits the frilled lizard.
You kill the frilled lizard!
You sense a monster nearby.
Terence the Incautious comes into view.
He is wielding a +0 short sword.
You shoot a sling bullet. The sling bullet hits Terence.
Terence is moderately wounded.
You shoot a sling bullet. The sling bullet barely misses Terence.
You shoot a sling bullet. The sling bullet barely misses Terence.
a - a +0 hand axe (weapon)
Terence barely misses you.
You hit Terence.
Terence is moderately wounded.
Terence hits you with a +0 short sword!
You completely miss Terence.
Terence is moderately wounded.
Terence barely misses you.
You barely miss Terence.
Terence is moderately wounded.
Terence misses you.
You closely miss Terence.
Terence is moderately wounded.
Terence hits you with a +0 short sword.
You hit Terence.
Terence is heavily wounded.
Terence barely misses you.
You hit Terence but do no damage.
Terence is heavily wounded.
Terence hits you with a +0 short sword!
* * * LOW HITPOINT WARNING * * *
You closely miss Terence.
Terence is heavily wounded.
Terence hits you with a +0 short sword!
* * * LOW HITPOINT WARNING * * *
It was a potion of brilliance.
You feel clever all of a sudden. Terence hits you with a +0 short sword.
You die...

#.# #.#
#.# #.#
#.# #.#
#.#
#####.#
#.@...#
#@#####
#( #(
#( #.
#. ##


You could see Terence.

Vanquished Creatures
  An adder (D:2)
  A worm (D:2)
  3 bats (D:2)
  3 endoplasms (D:1)
  A giant cockroach (D:2)
  2 goblins
  3 hobgoblins
  3 quokkas
  5 ball pythons
  3 frilled lizards
  4 rats
29 creatures vanquished.

Notes
Turn   | Place    | Note
-------+----------+-------------------------------------------
     0 | D:1      | nxtlvl the Formicid Monk began the quest for the Orb.
     0 | D:1      | Reached XP level 1. HP: 18/18 MP: 1/1
    56 | D:1      | Found a faded altar of an unknown god.
   206 | D:1      | Reached XP level 2. HP: 24/24 MP: 2/2
   351 | D:2      | Reached skill level 4 in Axes
   351 | D:2      | Reached XP level 3. HP: 7/29 MP: 3/3
   684 | D:2      | Noticed Terence
   695 | D:2      | HP: 1/29 [Terence (7)]
   696 | D:2      | Slain by Terence

Illustrated notes

Levels and vault maps discovered:
D:1:      scummos_arrival_checkerplants, layout_rooms,
          ebering_ecumenical_altar_abandoned, minmay_misc_feat_more_columns,
          grunt_decor_arrowhead
D:2:      layout_loops_ring, chequers_arboretum, uniq_crazy_yiuf_cottage,
          uniq_natasha, uniq_terence

Skill      XL: |  1  2 |
---------------+-------+-----
Axes           | 4 |  4.5
Fighting       | |  3.2
Dodging        | |  2.6
Stealth        | |  2.4

Action                   || total
-------------------------++-------
Melee: Hand axe          ||    83
 Fire: Hunting sling     ||    24
 Abil: Dig               ||     5
  Use: Potion            ||     1
 Stab: Sleeping          ||     1
Armor: Robe              ||    11
Dodge: Dodged            ||    64
